AoeStats
← Al-Ma'idah Castrum

Pilgrims

509456256Analyzed
3v3 RM · 4d ago on Sep 26, 2026· 39m 6s· 6 players
Game mode
Random Map
Map size
Normal (6 player)
Population
200
Speed
Normal
Resources
Standard
Victory
Conquest
Starting age
Dark Age
Ending age
Imperial Age
RankedLock teamsTeams togetherTeam positionsShared explorationLock speedFull tech treeHidden civsTurbo modeCheats
Victory
Defeat
🇩🇪 Byzantines · Germany
1003
+12
🇧🇷 Magyars · Brazil
936
+14
🇦🇷 Koreans · Argentina
919
+15
🇹🇷 Malay · Türkiye
905
-14
🇹🇷 Magyars · Türkiye
902
-14
🇹🇷 Bulgarians · Türkiye
892
-13
Al-Ma'idah Castrum
11:45 Loom
14:05 Feudal Age
21:24 Scale Mail Armor
21:52 Scale Barding Armor
28:22 Horse Collar
30:31 Bloodlines
36:00 Castle Age
34:05 Gold Mining
34:30 Fletching
40:11 Imperial Age
38:43 Chain Barding Armor
38:47 Light Cavalry
39:29 Husbandry
39:19 Double-Bit Axe
NMircea
12:58 Feudal Age
14:07 Double-Bit Axe
14:14 Horse Collar
15:30 Fishing Lines
19:24 Castle Age
18:40 Stone Mining
18:41 Gold Mining
21:21 Stone Shaft Mining
21:22 Gold Shaft Mining
21:24 Wheelbarrow
20:13 Pikeman
20:53 Squires
20:43 Elite Skirmisher
24:45 Fletching
25:05 Forging
24:56 Padded Archer Armor
24:57 Scale Mail Armor
29:34 Gillnets
36:47 Imperial Age
34:46 Hand Cart
38:05 Iron Casting
38:46 Cavalier
Dishito
11:52 Feudal Age
13:24 Fletching
14:48 Loom
20:37 Castle Age
19:48 Double-Bit Axe
19:46 Horse Collar
21:52 Bodkin Arrow
24:06 Thumb Ring
25:11 Crossbowman
26:42 Eupseong
27:57 Wheelbarrow
28:55 Ballistics
29:25 Bow Saw
29:36 Pikeman
33:16 Murder Holes
33:57 Heavy Plow
34:28 Scale Mail Armor
34:32 Squires
35:12 Town Watch
37:16 Hand Cart
SOW44
12:52 Feudal Age
12:38 Fishing Lines
14:25 Loom
15:48 Double-Bit Axe
16:43 Wheelbarrow
20:05 Castle Age
17:59 Man-at-Arms
19:10 Town Watch
19:18 Arson
20:30 Long Swordsman
22:20 Forging
22:55 Stone Mining
24:53 Pikeman
26:16 Squires
® İSTİF
10:10 Loom
12:29 Feudal Age
13:10 Double-Bit Axe
23:18 Castle Age
30:51 Bow Saw
30:22 Horse Collar
33:51 Corvinian Army
umgulseren
10:26 Feudal Age
12:04 Fishing Lines
15:20 Forging
17:12 Loom
18:28 Horse Collar
21:38 Scale Mail Armor
36:42 Castle Age
38:05 Double-Bit Axe
39:04 Gillnets
Connection lost

Rejoining the realm…

Still unreachable

The connection could not be restored.

Session expired

The server has moved on; the page needs a fresh start.